 Dungeon Crawl Stone Soup version 0.18.1-50-g88ac8fd (webtiles) character file.

84003 Amnesiac the Peltast (level 15, -5/126 HPs)
             Began as a Merfolk Fighter on Mar 11, 2018.
             Was a High Priest of Pakellas.
             Killed from afar by a deep elf mage (37 damage)
             ... with a bolt of lightning
             ... on level 1 of the Elven Halls.
             The game lasted 01:28:45 (22484 turns).

Amnesiac the Peltast (Merfolk Fighter)             Turns: 22484, Time: 01:28:46

Health: -5/126     AC: 22    Str: 23    XL:     15   Next: 79%
Magic:  20/26      EV: 16    Int:  8    God:    Pakellas [*****.]
Gold:   1883       SH: 16    Dex: 13    Spells: 4 memorised, 5 levels left

rFire  + . .     SeeInvis +     b - +5 iron rod (5/11)
rCold  + + +     Gourm    .     D - +3 scale mail of Oblivion {-Cast +Fly rC+++ rCorr}
rNeg   . . .     Faith    .     c - +2 shield {AC+3}
rPois  .         Spirit   .     A - +2 hat
rElec  .         Dismiss  .     j - +0 cloak
rCorr  +         Reflect  .     o - +2 pair of gloves
SustAt .         Harm     .     B - +2 pair of boots
MR     +....     Rnd*Rage +     y - amulet of regeneration
Stlth  .......... NoCast   +    E - ring of see invisible
                                Q - ring of protection from fire

@: lethally poisoned (-5 -> -6), studying Fighting, drained, somewhat resistant
to hostile enchantments, extremely unstealthy
A: change form in water, swift swim, berserk 1
a: Quick Charge, Device Surge, Renounce Religion, Evoke Flight


You were on level 1 of the Elven Halls.
You worshipped Pakellas.
Pakellas was extremely pleased with you.
You were not hungry.

You visited 4 branches of the dungeon, and saw 19 of its levels.
You also visited: Labyrinth and Ossuary.

You collected 2228 gold pieces.
You spent 345 gold pieces at shops.

Inventory:

Hand Weapons
 a - a +2 dagger of electrocution
 w - a +4 blowgun
Missiles
 e - 4 curare-tipped needles
 I - 2 throwing nets (quivered)
 L - 51 poisoned needles
Armour
 c - a +2 shield of protection (worn)
 j - a +0 cloak (worn)
 o - a +2 pair of gloves (worn)
 A - a +2 hat (worn)
 B - a +2 pair of boots (worn)
 D - the +3 scale mail of Oblivion (worn) {-Cast +Fly rC+++ rCorr}
   (You found it in a labyrinth)

   It renders you almost immune to cold.
   It lets you fly.
   It prevents spellcasting.
   It protects you from acid and corrosion.
Rods
 b - a +5 iron rod (5/11) (in hand)
   (Pakellas gifted it to you on level 9 of the Dungeon)
 W - a +4 rod of ignition (13/13)
   (You found it in a labyrinth)
 Z - a -3 lightning rod (1/11)
   (You found it on level 6 of the Dungeon)
Jewellery
 i - an uncursed ring of sustain attributes
 p - an uncursed amulet of rage
 y - an amulet of regeneration (around neck)
 C - an uncursed amulet of dismissal
 E - a ring of see invisible (right hand)
 Q - a ring of protection from fire (left hand)
Wands
 g - a wand of paralysis (4/24)
 h - a wand of acid (12/15)
 u - a wand of disintegration (0/24)
 G - a wand of teleportation (4/9)
 N - a wand of iceblast (2/15)
 O - a wand of lightning (9/15)
 U - a wand of confusion (21/48)
Scrolls
 l - 2 scrolls of fear {!r}
 m - 7 scrolls of enchant armour {!r}
 r - 4 scrolls of teleportation {!r}
 t - 6 scrolls of remove curse {!r}
 z - 3 scrolls of enchant weapon {!r}
 J - a scroll of blinking {!r}
 P - a scroll of magic mapping {!r}
 S - a scroll of vulnerability {!r}
 T - 9 scrolls of identify {!r}
Potions
 d - 2 potions of might {!q}
 n - 3 potions of curing {!q}
 q - a potion of haste {!q}
 v - a potion of flight {!q}
 K - a potion of invisibility {!q}
 R - 4 potions of resistance {!q}
Books
 V - a manual of Fighting
Miscellaneous
 s - a fan of gales
 x - a plain deck of defence {drawn: 2}
 F - a box of beasts {used: 6}
 Y - a legendary deck of summoning {drawn: 3}
Comestibles
 k - 8 meat rations
 H - 4 chunks of flesh
 M - 9 bread rations


   Skills:
 + Level 14.0(13.7) Fighting
 - Level 8.0(7.7) Short Blades
 - Level 5.0(4.7) Armour
 - Level 12.0(11.7) Dodging
 - Level 15.1(14.7) Shields
 - Level 15.0(14.6) Evocations


You had 5 spell levels left.
You knew the following spells:

 Your Spells              Type           Power        Failure   Level  Hunger
a - Apportation           Tloc           #.........   90%         1    ##.....
b - Passage of Golubria   Tloc           N/A          100%        4    #####..
c - Cure Poison           Pois           #.........   98%         2    ###....
v - Blink                 Tloc           N/A          98%         2    ###....


Dungeon Overview and Level Annotations

Branches:
Dungeon (15/15)            Temple (1/1) D:6            Lair (0/8) D:8
    Orc (2/2) D:11            Elf (1/3) Orc:2        Vaults (0/5) D:13
 Depths (0/5) D:15

Altars:
Ashenzari
Cheibriados
Elyvilon
Fedhas
Gozag
Kikubaaqudgha
Makhleb
Nemelex Xobeh
Okawaru
Pakellas
Qazlal
Sif Muna
Trog
Vehumet
Xom
Yredelemnul
Zin
The Shining One

Shops:
D:8 *   D:10 (   D:12 [   Orc:2 (*!%}   Elf:1 =


Innate Abilities, Weirdness & Mutations

You revert to your normal form in water.
You are very nimble and swift while swimming.
You tend to lose your temper in combat.


Message History

Press: ? - help, Shift-Dir - straight line, f - ice beast
Aim: an ice beast (summoned, chance to defeat MR: 73%)
The ice beast suddenly stops moving!
This wand has 4 charges left.
The deep elf mage casts a spell at you. The lance of force hits you!
* * * LOW HITPOINT WARNING * * *
You are knocked back by the lance of force.
You slam into the translucent rock wall!
You hear a shout! x3
A deep elf mage comes into view. It is wielding a long sword.
A deep elf knight comes into view. It is wielding a scimitar of venom.
The deep elf knight shouts!
The deep elf knight moves out of view.
A deep elf mage comes into view. It is wielding a long sword.
The deep elf mage mumbles some strange words.
The deep elf mage conjures a globe of magical energy!
A battlesphere and a deep elf archer come into view.
The deep elf archer unwields an uncursed dagger.
The deep elf archer wields a runed shortbow.
It is covered in frost.
The deep elf archer shoots an arrow.
The arrow hits you.
* * * LOW HITPOINT WARNING * * *
The deep elf knight hits you with a scimitar of venom.
* * * LOW HITPOINT WARNING * * *
You are poisoned.
You see here an arrow.
Read which item? (? for menu, Esc to quit)
Really read
r - 5 scrolls of teleportation {!r}?
As you read the scroll of teleportation {!r}, it crumbles to dust.
You feel strangely unstable.
You feel sick.
The deep elf archer shoots an arrow.
You block the arrow.
The deep elf knight mumbles some strange words.
The deep elf knight seems to speed up.
You feel sick.
The deep elf archer blinks!
You block the deep elf mage's attack.
You feel sick.
The deep elf archer shoots an arrow.
You block the arrow.
The deep elf mage hits you but does no damage.
The deep elf knight hits you but does no damage.
You are more poisoned.
The deep elf mage casts a spell at you. You block the lance of force.
The battlesphere fires!
The barrage of energy hits you!
* * * LOW HITPOINT WARNING * * *
You see here an arrow.
Your surroundings suddenly seem different.
You feel sick.
A deep elf mage comes into view. It is wielding a long sword.
The deep elf mage shouts!
Found a scroll of enchant weapon and a scale mail.
Found a stone staircase leading down.
You feel sick. The deep elf mage casts a spell at you.
The bolt of lightning misses you. The bolt of lightning hits you!
* * * LOW HITPOINT WARNING * * *
You see here a scroll of enchant weapon {!r}.
Drink which item? (? for menu, Esc to quit)
Really quaff
f - a potion of heal wounds {!q}?
You feel much better.
You feel sick.
You feel sick.
You feel sick.
The deep elf mage gestures at you while chanting.
The bolt of lightning misses you. The bolt of lightning hits you!
You die...
Pakellas says: Good help is so hard to find these days!

#.####..)......##.
#.#####.......## .
##...# #......[# .
##.##.# #.......#
.
#..[..###.......#
.
#......##.......#
.
#?.....##.......#
#..e...##.......#
#..@...# #......#
#.....>....
##.##..#### #..
...... #### ..####
..... .# #### ..


You could see a deep elf mage.

Vanquished Creatures
  Gastronok (Orc:1)
  A deep elf sorcerer (Elf:1)
  An orc warlord (Orc:2)
  Maud (Orc:1)
  A frost giant (D:9)
  Louise (D:14)
  A deep elf annihilator (Elf:1)
  Nessos (D:14)
  Snorg (D:12)
  The ghost of Amnesiac the Nimble, a journeyman MfFi of Pakellas (D:12)
  A minotaur (Lab)
  An ettin (D:15)
  An ogre mage (D:15)
  A hydra (D:14)
  Erolcha (D:13)
  A death knight (D:12)
  Erica (D:8)
  An alligator (D:9)
  A dancing weapon (D:13)
  6 centaur warriors
  A tengu warrior (D:15)
  4 orc high priests
  The ghost of Amnesiac the Grand Gadgeteer, a journeyman VSFi of Pakellas (Orc:1)
  Sonja (Orc:2)
  3 deep elf knights (Elf:1)
  2 skeletal warriors
  6 unseen horrors
  A deep troll (D:15)
  9 hill giants
  4 deep elf archers (Elf:1)
  A griffon (D:15)
  8 orc knights
  7 orc sorcerers
  A cyclops (D:12)
  A manticore (D:11)
  18 deep elf magi
  6 ugly things
  3 ice statues
  An octopode (shapeshifter) (D:13)
  A gargoyle (D:12)
  Psyche (D:11)
  A redback zombie (D:9)
  A kobold demonologist (D:13)
  2 komodo dragons
  A tengu conjurer (D:13)
  A komodo dragon (shapeshifter) (D:15)
  7 trolls
  A two-headed ogre (D:12)
  A boulder beetle (D:13)
  Sigmund (D:2)
  A shadow (D:11)
  5 wraiths
  3 redbacks (Lab)
  A water elemental (Elf:1)
  4 hogs (D:14)
  9 yaks
  A basilisk (D:15)
  A fire elemental (Elf:1)
  4 hungry ghosts
  2 hippogriffs
  3 mottled dragons
  16 wargs
  A porcupine (shapeshifter) (Elf:1)
  12 ice beasts
  30 orc warriors
  2 eyes of draining
  2 black bears
  A wasp (D:15)
  4 phantoms
  4 sky beasts
  An eye of draining (shapeshifter) (D:13)
  10 ogres
  A necrophage (D:12)
  3 boggarts (D:15)
  14 centaurs
  A crocodile (shapeshifter) (D:15)
  2 elf zombies (Ossuary)
  Blork the orc (D:5)
  17 giant frogs
  2 wyvern zombies
  A wyvern skeleton (D:7)
  2 scorpions (D:7)
  A water moccasin skeleton (D:5)
  3 killer bees (D:10)
  9 wights
  3 electric eels (D:9)
  2 howler monkeys
  9 crimson imps
  2 centaur zombies
  3 giant frog zombies
  A quasit (D:9)
  2 gnoll shamans (D:9)
  18 orc priests
  7 hounds
  A human zombie (Ossuary)
  7 jellies
  21 orc wizards
  5 worker ants
  4 centaur skeletons
  2 giant frog skeletons
  3 iguanas
  Natasha (thrice) (D:3)
  Terence (D:3)
  A hound zombie (Ossuary)
  3 mummies (Ossuary)
  2 howler monkey skeletons
  25 gnolls
  Robin (D:3)
  7 adders
  3 shadow imps
  7 oozes
  4 adder skeletons
  4 adder zombies
  A dart slug (D:3)
  5 giant geckos
  98 orcs
  2 ball pythons
  7 giant cockroaches
  19 goblins
  13 hobgoblins
  6 jackals
  4 quokkas
  6 bats
  A giant gecko skeleton (D:4)
  5 giant newts
  A gnoll zombie (Ossuary)
  2 goblin skeletons (D:4)
  A goblin zombie (Ossuary)
  10 hobgoblin zombies
  7 jackal zombies (Ossuary)
  11 kobolds
  A kobold skeleton (D:4)
  8 kobold zombies
  An orc zombie (Ossuary)
  A quokka skeleton (D:7)
  4 quokka zombies
  8 rats
  8 rat zombies
  A bush (D:1)
  3 plants (D:1)
680 creatures vanquished.

Vanquished Creatures (collateral kills)
  Rupert (D:13)
  Kirke (D:14)
  3 dancing weapons
  A deep elf knight (Elf:1)
  A skeletal warrior (D:12)
  3 deep elf archers (Elf:1)
  A deep elf mage (Elf:1)
11 creatures vanquished.

Vanquished Creatures (others)
  A fire crab (shapeshifter) (Elf:1)
  A deep elf archer (Elf:1)
  A deep elf mage (Elf:1)
  A hog (D:14)
  A plant (D:8)
5 creatures vanquished.

Grand Total: 696 creatures vanquished

Notes
Turn   | Place    | Note
--------------------------------------------------------------
     0 | D:1      | Amnesiac the Merfolk Fighter began the quest for the Orb.
     0 | D:1      | Reached XP level 1. HP: 18/18 MP: 1/1
    26 | D:1      | Reached XP level 2. HP: 22/24 MP: 2/2
   137 | D:1      | Reached XP level 3. HP: 13/29 MP: 3/3
   289 | D:2      | Noticed Sigmund
   556 | D:3      | Noticed Robin
   896 | D:4      | HP: 1/29 [orc wizard/dagger (3)]
   909 | D:4      | Reached skill level 5 in Short Blades
   909 | D:4      | Reached XP level 4. HP: 8/35 MP: 4/4
   922 | D:4      | HP: 1/35 [orc/mace (6)]
   985 | D:4      | Reached XP level 5. HP: 41/41 MP: 5/5
  1094 | D:4      | Found a glowing golden altar of the Shining One.
  1454 | D:4      | Reached XP level 6. HP: 40/47 MP: 6/6
  1490 | D:5      | Entered Level 5 of the Dungeon
  1652 | D:5      | Noticed Blork the orc
  1660 | D:5      | Killed Blork the orc
  1675 | D:5      | Found a shattered altar of Ashenzari.
  1678 | D:5      | Found a burning altar of Makhleb.
  1680 | D:5      | Found a snail-covered altar of Cheibriados.
  1684 | D:5      | Reached XP level 7. HP: 46/52 MP: 7/9
  1998 | D:5      | Found an opulent altar of Gozag.
  2072 | D:5      | Found a bloodstained altar of Trog.
  2715 | D:6      | Found a staircase to the Ecumenical Temple.
  2758 | D:6      | Reached skill level 5 in Evocations
  2766 | Temple   | Entered the Ecumenical Temple
  2777 | Temple   | Became a worshipper of Pakellas the Inventive
  2845 | D:6      | Reached XP level 8. HP: 21/58 MP: 12/12
  2873 | D:6      | Noticed a troll
  3090 | D:6      | Found a shimmering altar of Xom.
  3125 | D:6      | HP: 2/58 [wight/enchanted scimitar (4)]
  3154 | D:6      | Found a sand-covered staircase.
  3163 | Ossuary  | Entered an ossuary
  3657 | Ossuary  | Reached * piety under Pakellas
  3657 | Ossuary  | Received a gift from Pakellas
  3933 | D:6      | Reached XP level 9. HP: 57/64 MP: 15/15
  3982 | D:6      | Killed a troll
  4173 | D:6      | Reached skill level 10 in Evocations
  4252 | D:3      | Killed Robin
  4257 | D:3      | Reached ** piety under Pakellas
  4257 | D:3      | Received a gift from Pakellas
  4362 | D:2      | Killed Sigmund
  5238 | D:2      | Reached *** piety under Pakellas
  5238 | D:2      | Received a gift from Pakellas
  5525 | D:3      | Noticed Terence
  5526 | D:3      | Noticed Natasha
  5528 | D:3      | Killed Terence
  5536 | D:3      | Killed Natasha
  5627 | D:3      | Found an iron altar of Okawaru.
  5632 | D:3      | Noticed Natasha
  5638 | D:3      | Killed Natasha
  5679 | D:3      | Noticed Natasha
  5692 | D:3      | Killed Natasha
  5954 | D:3      | Found a deep blue altar of Sif Muna.
  6744 | D:6      | Found a blossoming altar of Fedhas.
  6756 | D:6      | Found a glowing silver altar of Zin.
  6996 | D:7      | Learned a level 1 spell: Apportation
  6999 | D:7      | Learned a level 2 spell: Blink
  7004 | D:7      | Learned a level 4 spell: Passage of Golubria
  7107 | D:7      | Reached **** piety under Pakellas
  7107 | D:7      | Received a gift from Pakellas
  7147 | D:7      | Reached skill level 5 in Fighting
  7159 | D:7      | Reached skill level 1 in Dodging
  7350 | D:7      | Reached XP level 10. HP: 61/74 MP: 18/18
  7394 | D:7      | Learned a level 2 spell: Cure Poison
  7434 | D:7      | Reached skill level 5 in Dodging
  7482 | D:7      | Noticed an ice statue
  7511 | D:7      | Killed an ice statue
  7661 | D:7      | Noticed an unseen horror
  7685 | D:7      | Killed an unseen horror
  7863 | D:8      | Found a staircase to the Lair.
  7886 | D:8      | Reached skill level 5 in Shields
  8077 | D:8      | Found Gozag's Platinum Reserve.
  8079 | D:8      | Found an opulent altar of Gozag.
  8374 | D:9      | Reached ***** piety under Pakellas
  8374 | D:9      | Received a gift from Pakellas
  8502 | D:9      | Noticed an ice statue
  8543 | D:9      | Killed an ice statue
  8876 | D:9      | Noticed Erica
  8948 | D:8      | Reached skill level 5 in Armour
  8971 | D:8      | Killed Erica
  8971 | D:8      | Reached XP level 11. HP: 21/79 MP: 14/19
  9543 | D:9      | Found a glowing silver altar of Zin.
  9548 | D:9      | Found a white marble altar of Elyvilon.
  9685 | D:9      | Found an ancient bone altar of Kikubaaqudgha.
 10190 | D:9      | Noticed an ice dragon
 10207 | D:9      | Noticed an alligator
 10207 | D:9      | an ice dragon changed into an alligator
 10210 | D:9      | HP: 3/83 [alligator (2)]
 10411 | D:9      | Noticed a frost giant
 10441 | D:9      | Killed a frost giant
 10558 | D:9      | Killed an alligator
 10595 | D:9      | Got a crystal hand axe
 10654 | D:10     | Entered Level 10 of the Dungeon
 10656 | D:10     | Gained mutation: You evolve. [potion of mutation]
 10656 | D:10     | Gained mutation: You expend magic power (3 MP) to strengthen your wands. [potion of mutation]
 10656 | D:10     | Gained mutation: Your magical capacity is low (-10% MP). [potion of mutation]
 10664 | D:10     | Found Sagovyu's Weapon Shop.
 10925 | D:10     | Found a shattered altar of Ashenzari.
 10955 | D:10     | Gained mutation: You have a beak for a mouth. [potion of mutation]
 10955 | D:10     | Gained mutation: You are dopey. (Int -2) [potion of mutation]
 10955 | D:10     | Gained mutation: You have a pair of small antennae on your head. [potion of mutation]
 10956 | D:10     | Gained mutation: You tend to lose your temper in combat. [potion of mutation]
 10956 | D:10     | Lost mutation: You expend magic power (3 MP) to strengthen your wands. [potion of mutation]
 10956 | D:10     | Gained mutation: You are frail (-10% HP). [potion of mutation]
 11470 | D:11     | Found a staircase to the Orcish Mines.
 11493 | D:11     | Reached ****** piety under Pakellas
 11508 | D:11     | Reached skill level 10 in Dodging
 11638 | D:11     | Noticed Psyche
 11640 | D:11     | Killed Psyche
 11662 | D:11     | Noticed a hill giant
 11677 | D:11     | Killed a hill giant
 11794 | D:11     | Noticed an unseen horror
 11824 | D:11     | Killed an unseen horror
 11824 | D:11     | Reached XP level 12. HP: 73/84 MP: 15/18
 12649 | D:12     | Noticed Amnesiac's ghost (journeyman MfFi)
 12670 | D:12     | Found Zumm's Armour Shoppe.
 12752 | D:12     | Killed Amnesiac's ghost
 13167 | D:12     | Reached skill level 10 in Shields
 13294 | D:12     | Noticed a centaur warrior
 13326 | D:12     | Killed a centaur warrior
 13554 | D:12     | Noticed Snorg
 13577 | D:12     | Killed Snorg
 13626 | D:12     | Noticed a death knight
 13630 | D:12     | Reached XP level 13. HP: 35/90 MP: 10/19
 13680 | D:12     | Reached skill level 10 in Fighting
 13887 | D:12     | Gained mutation: You are agile. (Dex +2) [evolution]
 13887 | D:12     | Lost mutation: You evolve. [end of evolution]
 14317 | Orc:1    | Entered Level 1 of the Orcish Mines
 14456 | Orc:2    | Entered Level 2 of the Orcish Mines
 14459 | Orc:2    | Noticed an orc warlord
 14500 | Orc:1    | You fall through a shaft!
 14572 | Orc:2    | Found Banoz's Quality Used Wands.
 14579 | Orc:2    | Noticed Sonja
 14588 | Orc:2    | Killed Sonja
 14620 | Orc:2    | Bought a wand of acid (0/15) for 112 gold pieces
 14620 | Orc:2    | Bought a wand of disintegration (0/24) for 56 gold pieces
 14758 | Orc:1    | Paralysed by an orc sorcerer for 5 turns
 15124 | Orc:1    | Noticed Amnesiac's ghost (journeyman VSFi)
 15126 | Orc:1    | Noticed Gastronok
 15160 | Orc:1    | Killed Amnesiac's ghost
 15225 | Orc:1    | Killed Gastronok
 15235 | Orc:1    | Lost mutation: You are dopey. (Int -2) [potion of cure mutation]
 15235 | Orc:1    | Lost mutation: You have a pair of small antennae on your head. [potion of cure mutation]
 15235 | Orc:1    | Lost mutation: You are frail (-10% HP). [potion of cure mutation]
 15235 | Orc:1    | Lost mutation: You tend to lose your temper in combat. [potion of cure mutation]
 15235 | Orc:1    | Lost mutation: Your magical capacity is low (-10% MP). [potion of cure mutation]
 15235 | Orc:1    | Lost mutation: You are agile. (Dex +2) [potion of cure mutation]
 15250 | Orc:1    | Noticed Maud
 15465 | Orc:2    | Found a staircase to the Elven Halls.
 15666 | Orc:1    | Killed Maud
 15903 | Orc:2    | Killed an orc warlord
 16596 | Orc:2    | Reached XP level 14. HP: 104/115 MP: 5/23
 16643 | Orc:2    | Found Oxamuf's Antique Weapon Shop.
 16643 | Orc:2    | Found Qareto's Food Shoppe.
 16645 | Orc:2    | Found Efaesab's General Store.
 16645 | Orc:2    | Found Qaeleak's Distillery.
 16653 | Orc:2    | Bought a scroll of magic mapping for 49 gold pieces
 16658 | Orc:2    | Bought a potion of ambrosia for 128 gold pieces
 17028 | D:13     | Found a gate to the Vaults.
 17807 | D:13     | Noticed Erolcha
 17834 | D:13     | Killed Erolcha
 17853 | D:13     | Noticed Rupert
 17860 | D:13     | Killed Rupert
 18286 | D:14     | Found a basalt altar of Yredelemnul.
 18287 | D:14     | Gained mutation: Your body sometimes deteriorates upon taking damage. [potion of mutation]
 18287 | D:14     | Gained mutation: Your natural rate of healing is unusually fast. [potion of mutation]
 18287 | D:14     | Gained mutation: Your body often deteriorates upon taking damage. [potion of mutation]
 18774 | D:14     | Noticed Louise
 18793 | D:14     | Killed Louise
 19101 | D:14     | Noticed Kirke
 19253 | D:14     | Killed Kirke
 19545 | D:14     | Noticed Nessos
 19554 | D:14     | Killed Nessos
 19689 | D:15     | Entered Level 15 of the Dungeon
 19802 | D:15     | Reached XP level 15. HP: 119/120 MP: 2/25
 20097 | D:15     | Found a labyrinth entrance.
 20102 | Lab      | Entered a labyrinth
 20637 | Lab      | Got a heavily runed scale mail
 20648 | Lab      | Identified the +3 scale mail of Oblivion {-Cast +Fly rC+++ rCorr} (You found it in a labyrinth)
 20873 | D:12     | Got an ichor-stained plate armour
 20884 | D:12     | Identified the +6 plate armour "Boede" {rF+ rN+ Dex-5} (You found it on level 12 of the Dungeon)
 20912 | D:12     | Identified a manual of Fighting (You found it on level 12 of the Dungeon)
 21296 | D:15     | Found a staircase to the Depths.
 21371 | D:15     | Gained mutation: You possess an exceptional clarity of mind. [mutagenic meat]
 21372 | D:15     | Lost mutation: Your body often deteriorates upon taking damage. [mutagenic meat]
 21374 | D:15     | Gained mutation: Your magical capacity is low (-10% MP). [mutagenic meat]
 21375 | D:15     | Lost mutation: You possess an exceptional clarity of mind. [potion of cure mutation]
 21375 | D:15     | Lost mutation: Your body sometimes deteriorates upon taking damage. [potion of cure mutation]
 21375 | D:15     | Lost mutation: Your magical capacity is low (-10% MP). [potion of cure mutation]
 21375 | D:15     | Lost mutation: Your natural rate of healing is unusually fast. [potion of cure mutation]
 21375 | D:15     | Lost mutation: You have a beak for a mouth. [potion of cure mutation]
 21706 | Elf:1    | Entered Level 1 of the Elven Halls
 21762 | Elf:1    | Gained mutation: You tend to lose your temper in combat. [mutagenic meat]
 21769 | Elf:1    | Got a fine morningstar
 21958 | Elf:1    | Reached skill level 15 in Evocations
 22021 | Elf:1    | Reached skill level 15 in Shields
 22175 | Elf:1    | Found Jifoa's Jewellery Emporium.
 22289 | Elf:1    | Noticed a deep elf sorcerer
 22312 | Elf:1    | Killed a deep elf sorcerer
 22392 | Elf:1    | Identified a +4 rod of ignition (13/13) (You found it in a labyrinth)
 22484 | Elf:1    | Killed from afar by a deep elf mage

Skill      XL: |  1  2  3  4  5  6  7  8  9 10 11 12 13 14 15 |
---------------+----------------------------------------------+-----
Short Blades   | 3 4 5 6 7 8 |  8.0
Evocations     | 2 5 9 11 12 14 15 | 15.0
Fighting       | 5 8 9 12 14 | 14.0
Dodging        | 4 7 11 12 | 12.0
Shields        | 6 7 10 12 14 15 | 15.1
Armour         | 5 |  5.0

Action                   |  1- 3 |  4- 6 |  7- 9 | 10-12 | 13-15 || total
-------------------------+-------+-------+-------+-------+-------++-------
Melee: Rapier            |    61 |       |       |       |       ||    61
       Dagger            |   118 |   116 |   723 |  1165 |  1220 ||  3342
       Peck              |       |       |       |   154 |   273 ||   427
       Tailslap          |       |       |       |    24 |       ||    24
 Fire: Blowgun           |       |       |       |       |     1 ||     1
Throw: Throwing net      |       |       |       |       |     2 ||     2
Invok: Quick Charge      |       |       |     1 |     4 |    54 ||    59
 Abil: Evoke Flight      |       |       |       |       |     2 ||     2
Evoke: Wand              |       |       |    23 |   108 |   164 ||   295
       Rod               |       |       |     3 |     8 |    14 ||    25
       Box of beasts     |       |       |       |       |     6 ||     6
       Deck              |       |       |       |       |     5 ||     5
  Use: Potion            |     2 |     1 |       |     6 |    18 ||    27
       Scroll            |       |    10 |     9 |    10 |     6 ||    35
 Stab: Confused          |       |       |     1 |       |       ||     1
       Paralysed         |       |       |       |    21 |    93 ||   114
       Invisible         |       |       |       |       |     2 ||     2
       Distracted        |       |       |       |       |     1 ||     1
       Held in net/web   |       |       |       |       |     1 ||     1
  Eat: Chunk             |       |     3 |    14 |    26 |    39 ||    82
       Bread ration      |       |       |     1 |       |       ||     1
       Pizza             |       |       |       |       |     3 ||     3
       Beef jerky        |       |       |       |       |     1 ||     1
       Royal jelly       |       |       |       |       |     3 ||     3
Armor: Scale mail        |    91 |    27 |   279 |       |    55 ||   452
       Chain mail        |       |       |     3 |   348 |   249 ||   600
       Ice dragon armour |       |       |       |       |     1 ||     1
Dodge: Dodged            |    58 |    16 |   148 |   299 |   332 ||   853
Block: Shield            |   107 |    42 |   243 |   468 |   575 ||  1435
